 Dungeon Crawl Stone Soup version 0.27-a0-1137-g3ef0f4ec91 (webtiles) character file.

Game seed: 16516363942992346448

1100 leviel the Chopper (level 8, -6/70 HPs)
             Began as a Minotaur Fighter on May 6, 2021.
             Was a Follower of Zin.
             Killed by divine providence
             ... invoked by an orc priest
              (13 damage)
             ... on level 4 of the Dungeon.
             The game lasted 00:06:25 (4657 turns).

leviel the Chopper (Minotaur Fighter)               Turns: 4657, Time: 00:06:26

Health: -6/70      AC:  8    Str: 24    XL:     8   Next: 10%
Magic:  7/7        EV:  8    Int:  5    God:    Zin [*.....]
Gold:   136        SH: 10    Dex:  9    Spells: 7/7 levels left

rFire    . . .     SeeInvis .   a - +0 war axe
rCold    . . .     Faith    .   c - +0 kite shield
rNeg     . . .     Spirit   .   b - +0 scale mail
rPois    .         Reflect  .   m - +1 hat
rElec    .         Harm     .   (no cloak)
rCorr    .         Rampage  .   (no gloves)
Will     .....                  (no boots)
Stlth    ..........             (no amulet)
HPRegen  0.21/turn              (no ring)
MPRegen  0.10/turn              (no ring)

@: no status effects
A: horns 2, retaliatory headbutt
a: Renounce Religion, Recite, Donate Gold


You were on level 4 of the Dungeon.
You worshipped Zin.
Zin was aware of your devotion.
You visited 2 branches of the dungeon, and saw 5 of its levels.

You collected 151 gold pieces.
You donated 15 gold pieces to Zin.

Inventory:

Hand Weapons
 a - a +0 war axe (weapon)
Armour
 b - a +0 scale mail (worn)
 c - a +0 kite shield (worn)
 m - a +1 hat (worn)
Wands
 g - a wand of mindburst (3) (quivered)
 n - a wand of acid (7)
 p - a wand of paralysis (3)
Scrolls
 h - a scroll of immolation {unknown}
 i - 2 scrolls of identify
Potions
 d - a potion of might
 e - 3 potions of curing
 f - 2 potions of lignification
 j - a potion of invisibility {unknown}
 k - a potion of ambrosia {unknown}
 l - 2 potions of mutation {unknown}
 o - a potion of haste {unknown}


   Skills:
 * Level 5.9 Fighting
 + Level 7.0 Axes
 + Level 6.7 Armour
 + Level 2.2 Dodging
 - Level 0.1 Stealth
 + Level 5.1 Shields
 * Level 2.0 Evocations


You had 7 spell levels left.
You didn't know any spells.
Your spell library contained the following spells:

 Spells                   Type           Power      Damage    Failure   Level
 Animate Skeleton         Necr           0%         N/A       99%         1
 Apportation              Tloc           0%         N/A       99%         1
 Corona                   Hex            0%         N/A       99%         1
 Summon Small Mammal      Summ           0%         N/A       99%         1
 Confusing Touch          Hex            0%         N/A       100%        3
 Gell's Gravitas          Tloc           0%         N/A       100%        3
 Petrify                  Tmut/Erth      0%         N/A       100%        4
 Metabolic Englaciation   Hex/Ice        0%         N/A       100%        5
 Yara's Violent Unravell  Hex/Tmut       0%         3d3       100%        5


Dungeon Overview and Level Annotations

Branches:
Dungeon (4/15)             Temple (1/1) D:4

Altars:
Ashenzari
Cheibriados
Dithmenos
Fedhas
Gozag
Hepliaklqana
Makhleb
Nemelex Xobeh
Okawaru
Sif Muna
Vehumet
Wu Jian
Xom
Zin
The Shining One

Shops:
D:1 ?*[   D:2 *


Innate Abilities, Weirdness & Mutations

You have a pair of horns on your head.
You reflexively headbutt those who attack you in melee.


Message History

The orc hits you but does no damage. Something hits you.
You are more poisoned.
You block the orc's attack. Something hits you but does no damage.
Your shield and scale mail prevent you from hitting something.
Your headbutt misses something. You barely miss the orc.
You feel very sick.
The orc priest calls down the wrath of Beogh upon you.
Beogh smites you! Something hits you but does no damage. The orc misses you.
You closely miss something. You hit the orc but do no damage.
You feel very sick.
You hear some strange, mumbled words.
A magic dart appears from out of thin air!
The magic dart hits you! The orc hits you with a +0 flail.
* * * LOW HITPOINT WARNING * * *
You barely miss the orc priest.
Your shield and scale mail prevent you from hitting the orc.
You closely miss something.
You feel sick. The orc hits you but does no damage.
Something hits you but does no damage.
You are more poisoned.
You block the orc priest's attack. Something hits you.
* * * LOW HITPOINT WARNING * * *
You are lethally poisoned!
You block the orc's attack. You block the orc priest's attack.
You hit the orc priest.
The orc priest is moderately wounded.
Your shield prevents you from hitting the orc.
You closely miss something.
* * * LOW HITPOINT WARNING * * *
You feel extremely sick. You block something's attack.
The orc priest hits you with a +0 short sword.
* * * LOW HITPOINT WARNING * * *
The orc hits you with a +0 flail.
* * * LOW HITPOINT WARNING * * *
It was a potion of curing.
You feel better. The orc hits you with a +0 flail.
* * * LOW HITPOINT WARNING * * *
You block something's attack.
The orc priest invokes the aid of Beogh against you.
Beogh smites you!
You die...

# #.≈≈.≈.≈≈§## ##
##..≈≈≈≈≈...#
.####....##.....#
.#.##.....##..##
...##..##......###
..........###....#
#...#.#...###..#.#
....###......###'####
.##..##....###.o@...#
.#..##.....##..o{[...#
.........†.##.(.#≈...#
..#...(....##..≈≈≈#..#
..##........#..#≈≈≈..#
..##........#...≈#.(.#
..........#<#........#
.....#....####......##
.##.......##.#


You could see an orc priest and an orc.

Vanquished Creatures
  Grinder (D:4)
  Sigmund (D:3)
  2 ogres (D:4)
  2 necrophages (D:4)
  A centaur (D:3)
  A centaur zombie (D:3)
  An orc priest (D:3)
  2 orc wizards (D:3)
  A hound skeleton (D:4)
  4 gnolls (D:2)
  4 adders
  An adder skeleton (D:4)
  3 worms
  2 dart slugs (D:1)
  15 orcs
  10 ball pythons
  5 endoplasms
  A giant cockroach (D:4)
  3 goblins
  8 hobgoblins
  13 jackals
  3 quokkas
  4 bats
  6 frilled lizards
  11 kobolds
  8 rats
113 creatures vanquished.

Vanquished Creatures (others)
  A hound (D:4)
  An iguana (D:4)
  A dart slug (D:4)
  2 endoplasms (D:4)
  A giant cockroach (D:4)
  A goblin (D:4)
  2 hobgoblins (D:4)
  A fungus (D:3)
  2 plants (D:1)
  10 withered plants (D:1)
22 creatures vanquished.

Grand Total: 135 creatures vanquished

Notes
Turn   | Place    | Note
-------+----------+-------------------------------------------
     0 | D:1      | leviel the Minotaur Fighter began the quest for the Orb.
     0 | D:1      | Reached XP level 1. HP: 19/19 MP: 0/0
    16 | D:1      | Found Mewasea's Magic Scroll Boutique.
   182 | D:1      | Reached XP level 2. HP: 24/27 MP: 1/1
   223 | D:1      | Found Ihuamej's General Store.
   244 | D:1      | Found Otsahik's Antique Armour Emporium.
   316 | D:1      | Found a faded altar of an unknown god.
   368 | D:1      | Reached skill level 3 in Axes
   477 | D:1      | Reached XP level 3. HP: 30/33 MP: 2/2
   934 | D:2      | Reached skill level 1 in Dodging
   934 | D:2      | Reached XP level 4. HP: 4/40 MP: 3/3
  1633 | D:2      | Found Mifiyt's General Store.
  1952 | D:3      | Noticed a centaur
  1954 | D:3      | Killed a centaur
  1955 | D:3      | Reached skill level 4 in Axes
  1955 | D:3      | Reached skill level 5 in Armour
  1955 | D:3      | Reached XP level 5. HP: 46/46 MP: 4/4
  2336 | D:3      | Reached skill level 5 in Axes
  2435 | D:3      | Found a blossoming altar of Fedhas.
  2676 | D:3      | Reached XP level 6. HP: 53/53 MP: 5/5
  3172 | D:3      | Noticed Sigmund
  3183 | D:3      | Killed Sigmund
  3393 | D:3      | Reached XP level 7. HP: 59/60 MP: 6/6
  3834 | D:4      | Found an iron altar of Okawaru.
  3846 | D:4      | Reached skill level 5 in Fighting
  3846 | D:4      | Reached skill level 6 in Axes
  3863 | D:4      | Noticed Grinder
  3871 | D:4      | Reached skill level 1 in Evocations
  3875 | D:4      | Paralysed by Grinder for 4 turns
  3882 | D:4      | Killed Grinder
  3883 | D:4      | Reached skill level 5 in Shields
  4013 | D:4      | Reached XP level 8. HP: 16/70 MP: 7/7
  4287 | D:4      | Found a staircase to the Ecumenical Temple.
  4304 | Temple   | Entered the Ecumenical Temple
  4371 | Temple   | Became a worshipper of Zin the Law-Giver
  4371 | Temple   | Reached * piety under Zin
  4422 | D:4      | Reached skill level 7 in Axes
  4483 | D:4      | Found a shimmering altar of Xom.
  4657 | D:4      | Killed from afar by an orc priest

Illustrated notes

Levels and vault maps discovered:
D:1:      co_arrival_hexagon_in_a_hexagon, layout_rooms, serial_shops,
          shop_statue, nicolae_shop_crystal,
          nicolae_shop_temple_entry_statues_fountains,
          shapermc_ecumenical_altar_flowoftime
D:2:      layout_rooms, serial_shops, shop_fountains, grunt_ministairs_14
D:3:      minmay_thinvault, layout_basic, fedhas_altar_3, uniq_sigmund
D:4:      layout_cave_pools, xom_confusion_cloud, okawaru_ov_weapons_minmay,
          minmay_temple_entry_mini_moons, kennysheep_another_room, fountainhead,
          serial_park_tiny_2, uniq_grinder
Temple:   nicolae_temple_x_marks_the_god

Skill      XL: |  1  2  3  4  5  6  7  8 |
---------------+-------------------------+-----
Armour         | 4 5 6 |  6.7
Fighting       | 4 5 |  5.9
Axes           | 3 4 5 6 7 |  7.0
Shields        | 4 5 |  5.1
Dodging        | 1 2 |  2.2
Evocations     | 1 2 |  2.0
Stealth        | |  0.1

Action                   |  1- 3 |  4- 6 |  7- 9 || total
-------------------------+-------+-------+-------++-------
Melee: War axe           |    63 |   120 |    59 ||   242
       Headbutt          |    10 |    24 |    21 ||    55
Evoke: Wand              |       |       |     5 ||     5
  Use: Scroll            |       |     4 |       ||     4
       Potion            |       |     1 |     1 ||     2
Armor: Scale mail        |    19 |    62 |    24 ||   105
Dodge: Dodged            |    25 |    51 |    16 ||    92
Block: Kite shield       |    26 |    64 |    36 ||   126

Table legend: (Time is in decaauts)
 A = Elapsed time spent in this place.
 B = Non-inter-level travel time spent in this place.
 C = Inter-level travel time spent in this place.
 D = Time resting spent in this place.
 E = Time spent auto-exploring this place.
 F = Levels seen in this place.
 G = Mean time per level.
                   A        B        C        D        E       F      G
               +--------+--------+--------+--------+--------+-----+--------+
         Total |   4770 |   4645 |    125 |   1252 |   2747 |   5 |  954.0 |
       Dungeon |   4693 |   4584 |    109 |   1252 |   2697 |   4 | 1173.2 |
        Temple |     77 |     61 |     16 |      0 |     50 |   1 |   77.0 |
               +--------+--------+--------+--------+--------+-----+--------+

Top non-repeatable levels by time:
     D:3: 1909 daAuts
     D:2: 1110 daAuts
     D:1: 909 daAuts
     D:4: 763 daAuts
  Temple: 77 daAuts
